 Dungeon Crawl Stone Soup version 0.29-a0-23-ga79f92ac9c (webtiles) character file.

Game seed: 727580231958274872

1453 MirrMurr the Covert (level 8, 0/39 HPs)
             Began as a Spriggan Enchanter on Jan 30, 2022.
             Was a Follower of Dithmenos.
             Killed by divine providence
             ... invoked by an orc priest
              (13 damage)
             ... on level 6 of the Dungeon.
             The game lasted 00:15:17 (7261 turns).

MirrMurr the Covert (Spriggan Enchanter)            Turns: 7261, Time: 00:15:18

Health: 0/39       AC:  6    Str:  6    XL:     8   Next: 47%
Magic:  6/15       EV: 20    Int: 17    God:    Dithmenos [*.....]
Gold:   351        SH:  0    Dex: 15    Spells: 7/15 levels left

rFire   . . .      SeeInvis +   a - +1 dagger
rCold   . . .      Faith    .   (no shield)
rNeg    . . .      Spirit   .   f - +0 robe
rPois   .          Reflect  .   (helmet restricted)
rElec   .          Harm     .   (no cloak)
rCorr   .          Rampage  .   (gloves unavailable)
Will    +....                   (boots unavailable)
Stlth   ++++......              (no amulet)
HPRegen 0.13/turn               o - +4 ring of protection
MPRegen 0.14/turn               (no ring)

@: wreathed by umbra, very quick
A: very small, no large weapons, unfitting armour, see invisible, speed 3
a: Renounce Religion


You were on level 6 of the Dungeon.
You worshipped Dithmenos.
Dithmenos was aware of your devotion.
You visited 2 branches of the dungeon, and saw 7 of its levels.

You collected 351 gold pieces.

Inventory:

Hand Weapons
 a - a +1 dagger (weapon)
 b - a +0 rapier
Missiles
 h - 11 poisoned darts (quivered)
 q - 6 boomerangs
 s - 378 stones
Armour
 f - a +0 robe (worn)
Jewellery
 o - a +4 ring of protection (left hand)
Wands
 r - a wand of paralysis (11)
 v - a wand of polymorph (8)
Scrolls
 l - 3 scrolls of teleportation
Potions
 c - a potion of invisibility
 d - 4 potions of mutation
 e - 2 potions of lignification
 g - a potion of flight
 j - a potion of might {unknown}
 k - a potion of brilliance
 m - a potion of berserk rage
 n - a potion of ambrosia
 p - 2 potions of cancellation
 t - a potion of curing {unknown}
 u - a potion of degeneration {unknown}


   Skills:
 + Level 2.1 Fighting
 - Level 5.0 Short Blades
 + Level 6.6 Dodging
 - Level 8.0 Stealth
 - Level 4.0 Spellcasting
 - Level 8.0 Hexes


You had 7 spell levels left.
You knew the following spells:

 Your Spells              Type           Power      Damage    Failure   Level
a - Ensorcelled Hibernat  Hex/Ice        34%        N/A       4%          2
b - Confusing Touch       Hex            30%        N/A       1%          3
c - Tukima's Dance        Hex            30%        N/A       1%          3

Your spell library contained the following spells:

 Spells                   Type           Power      Damage    Failure   Level
 Dazzling Flash           Conj/Hex       34%        N/A       9%          3
 Gell's Gravitas          Tloc           3%         N/A       43%         3
 Lesser Beckoning         Tloc           3%         N/A       43%         3
 Teleport Other           Tloc           3%         N/A       43%         3
 Silence                  Hex/Air        8%         N/A       63%         5
 Agony                    Necr           3%         N/A       99%         5
 Borgnjor's Revivificati  Necr           1%         N/A       100%        8
 Necromutation            Tmut/Necr      1%         N/A       100%        8
 Death's Door             Necr           1%         N/A       100%        9


Dungeon Overview and Level Annotations

Branches:
Dungeon (6/15)             Temple (1/1) D:5

Altars:
Ashenzari
Dithmenos
Elyvilon
Fedhas
Gozag
Hepliaklqana
Makhleb
Nemelex Xobeh
Okawaru
Qazlal
Uskayaw
Vehumet
Wu Jian
Yredelemnul
Zin
Lugonu

Shops:
D:5 :

Portals:
Abyss: D:3

Annotations:
D:3 2 transporters, brandma555's ghost, weakling MiFi
D:5 1 runed translucent door, Viceroy's ghost, novice HOFi
D:6 Pikel; Sigmund


Innate Abilities, Weirdness & Mutations

You are very small and have problems with some larger weapons.
You are too small for most types of armour.
You have supernaturally acute eyesight. (SInv)
You cover ground extremely quickly. (Speed+++)


Message History

Casting: Ensorcelled Hibernation (safe; 4% risk of failure)
Confirm with . or Enter, or press ? or * to list all spells.
Aiming: Ensorcelled Hibernation (safe; 4% risk of failure)
Press: ? - help, Shift-Dir - straight line, f/p - Pikel
Aim: Pikel, wielding a +1 whip of freezing and wearing a +2 robe of willpower (umbra, chance to affect: 18%) Pikel resists with almost no effort.
Pikel hits you but does no damage.
You hit Pikel but do no damage.
Casting: Ensorcelled Hibernation (safe; 4% risk of failure)
Confirm with . or Enter, or press ? or * to list all spells.
Aiming: Ensorcelled Hibernation (safe; 4% risk of failure)
Press: ? - help, Shift-Dir - straight line, f/p - Pikel
Aim: Pikel, wielding a +1 whip of freezing and wearing a +2 robe of willpower (umbra, chance to affect: 18%) Pikel resists with almost no effort.
Pikel hits you with a +1 whip of freezing.
Pikel freezes you. Sigmund misses you.
Casting: Ensorcelled Hibernation (safe; 4% risk of failure)
Confirm with . or Enter, or press ? or * to list all spells.
Aiming: Ensorcelled Hibernation (safe; 4% risk of failure)
Press: ? - help, Shift-Dir - straight line, f/p - Pikel
Aim: Pikel, wielding a +1 whip of freezing and wearing a +2 robe of willpower (umbra, chance to affect: 18%) Pikel resists with almost no effort.
Pikel barely misses you.
Casting: Ensorcelled Hibernation (safe; 4% risk of failure)
Confirm with . or Enter, or press ? or * to list all spells.
Aiming: Ensorcelled Hibernation (safe; 4% risk of failure)
Press: ? - help, Shift-Dir - straight line, f/p - Pikel
Aim: Pikel, wielding a +1 whip of freezing and wearing a +2 robe of willpower (umbra, chance to affect: 18%) Pikel resists with almost no effort.
Sigmund casts a spell.
Sigmund flickers and vanishes for a moment.
Pikel hits you with a +1 whip of freezing!
Pikel freezes you.
You enter the shallow water.
Moving in this stuff is going to be slow.
Why would you want to do that?
The orc priest shouts!
The orc priest mumbles some strange prayers to Beogh against you.
Beogh smites you!
The orc priest calls down the wrath of Beogh upon you.
Beogh smites you!
You die...

#########...####........≈≈≈≈≈.,*
#.#.## ##.......≈≈≈≈≈.#* #.#..#
#.......≈≈≈≈#.#
#.##.####......≈≈≈≈≈..*
#.##......#....≈≈≈≈≈##*
#.####....##...≈≈≈≈.#### #.#
#......88≈≈≈≈≈88..## #.#
#.............)....# #.#
#..@.............).# #.#
#......88≈≈≈≈≈88...# #.#
#.......≈≈≈≈K####... #[#
##.##...≈≈≈@≈...#### #.#
#.....#≈≈≈≈.....### #.#
##..#.≈≈≈≈≈........
#.######....o≈≈≈≈........
#########...........≈≈≈≈.......##
#>.......#..........≈≈≈≈....#..#


You could see an orc priest.

Vanquished Creatures
  Eustachio (D:6)
  Edmund (D:6)
  A sky beast (D:3)
  An ice beast (D:5)
  A necrophage (D:6)
  An ogre (D:5)
  3 lemures (D:6)
  A phantom (D:6)
  A bullfrog (D:5)
  A water moccasin zombie (D:6)
  A wyvern skeleton (D:5)
  3 killer bees
  A howler monkey (D:4)
  A bullfrog skeleton (D:6)
  A hound (D:5)
  Jessica (D:2)
  3 iguanas
  A killer bee zombie (D:6)
  2 hound skeletons
  Robin (D:2)
  A howler monkey skeleton (D:6)
  6 adders
  2 white imps
  An ufetubus (D:4)
  3 worms
  4 dart slugs
  12 orcs
  8 ball pythons
  4 bats
  4 endoplasms
  3 giant cockroaches
  11 hobgoblins
  2 jackals (D:1)
  5 quokkas
  3 frilled lizards (D:3)
  22 goblins
  6 kobolds
  5 rats
129 creatures vanquished.

Vanquished Creatures (others)
  A lurking horror (D:3)
1 creature vanquished.

Grand Total: 130 creatures vanquished

Notes
Turn   | Place    | Note
-------+----------+-------------------------------------------
     0 | D:1      | MirrMurr the Spriggan Enchanter began the quest for the
                  | Orb.
     0 | D:1      | Reached XP level 1. HP: 9/9 MP: 5/5
   377 | D:1      | Reached skill level 5 in Stealth
   396 | D:1      | Reached XP level 2. HP: 13/13 MP: 6/6
   399 | D:1      | Learned a level 2 spell: Ensorcelled Hibernation
   980 | D:1      | Found a faded altar of an unknown god.
  1126 | D:1      | Reached XP level 3. HP: 11/16 MP: 5/8
  1130 | D:1      | Learned a level 3 spell: Confusing Touch
  1729 | D:2      | Noticed Jessica
  1732 | D:2      | Killed Jessica
  1733 | D:2      | Reached XP level 4. HP: 21/21 MP: 9/9
  2008 | D:2      | Noticed Robin
  2673 | D:2      | Killed Robin
  2694 | D:2      | Reached XP level 5. HP: 12/24 MP: 3/10
  2704 | D:2      | Learned a level 3 spell: Tukima's Dance
  3346 | D:3      | Noticed a sky beast
  3360 | D:3      | Killed a sky beast
  3567 | D:3      | Found a corrupted altar of Lugonu.
  3567 | D:3      | Found a one-way gate to the infinite horrors of the Abyss.
  3859 | D:3      | Found a transporter.
  3863 | D:3      | Noticed brandma555's ghost (weakling MiFi)
  3888 | D:3      | Found a transporter.
  4196 | D:4      | Reached XP level 6. HP: 28/28 MP: 11/11
  4381 | D:4      | Reached skill level 5 in Short Blades
  4688 | D:4      | Found a hazy altar of Hepliaklqana.
  4695 | D:4      | Found a glowing silver altar of Zin.
  4698 | D:4      | Found a broken altar of Ashenzari.
  4698 | D:4      | Found an ornate altar of the Wu Jian Council.
  4710 | D:4      | Found a radiant altar of Vehumet.
  4972 | D:5      | Entered Level 5 of the Dungeon
  4986 | D:5      | Found a staircase to the Ecumenical Temple.
  4992 | Temple   | Entered the Ecumenical Temple
  5049 | Temple   | Became a worshipper of Dithmenos the Shadowed
  5257 | D:5      | Noticed an ice beast
  5274 | D:5      | Killed an ice beast
  5275 | D:5      | Reached skill level 5 in Hexes
  5275 | D:5      | Reached XP level 7. HP: 6/32 MP: 10/14
  5538 | D:5      | Found a runed translucent door.
  5539 | D:5      | Noticed Viceroy's ghost (novice HOFi)
  5592 | D:5      | Found Woeshrij's Book Boutique.
  6337 | D:6      | Noticed Edmund
  6525 | D:6      | Killed Edmund
  6544 | D:6      | Reached XP level 8. HP: 29/37 MP: 8/15
  6688 | D:6      | Reached skill level 1 in Fighting
  6726 | D:6      | Noticed Eustachio
  6733 | D:6      | Killed Eustachio
  6734 | D:6      | Reached skill level 5 in Dodging
  6763 | D:6      | Noticed Sigmund
  6766 | D:6      | Noticed Pikel
  6939 | D:6      | Reached * piety under Dithmenos
  7261 | D:6      | Killed from afar by an orc priest

Illustrated notes

Levels and vault maps discovered:
D:1:      minmay_arrival_wavy_path, layout_basic,
          hellmonk_ecumenical_altar_crossroads, minmay_misc_feat_rows,
          minmay_pentomino_x4
D:2:      layout_loops_cross, minivault_26, st_stairs_4, minmay_goblin_outpost,
          uniq_robin, uniq_jessica
D:3:      layout_basic, gammafunk_ghost_stat_death, minmay_misc_feat_tiny,
          amcnicky_altar_lugonu_corruption
D:4:      layout_rooms, nicolae_overflow_hallway_of_the_gods,
          minmay_fractal_squares_diagonal_5
D:5:      layout_cave_pools, temple_green, gammafunk_ghost_grave, serial_shops,
          nicolae_lakefront_shop
D:6:      wander_river, layout_rooms, kennysheep_generic_room_12,
          uniq_eustachio, uniq_pikel, uniq_edmund, uniq_sigmund
Temple:   zaba_magenta_temple

Skill      XL: |  1  2  3  4  5  6  7  8 |
---------------+-------------------------+-----
Stealth        | 5 6 7 8 |  8.0
Short Blades   | 2 3 4 5 |  5.0
Hexes          | 5 8 |  8.0
Spellcasting   | 4 |  4.0
Dodging        | 3 6 |  6.6
Fighting       | 2 |  2.1

Action                   |  1- 3 |  4- 6 |  7- 9 || total
-------------------------+-------+-------+-------++-------
Melee: Dagger            |    45 |    83 |    38 ||   166
       Rapier            |    50 |   100 |    57 ||   207
       Punch             |       |     2 |     2 ||     4
 Cast: Ensorcelled Hiber |     5 |    36 |    31 ||    72
       Confusing Touch   |       |     2 |     8 ||    10
  Use: Scroll            |       |     7 |     4 ||    11
 Stab: Sleeping          |    16 |    35 |    19 ||    70
       Confused          |       |     3 |     8 ||    11
Armor: Robe              |     9 |    22 |    20 ||    51
Dodge: Dodged            |    56 |   130 |    77 ||   263

Table legend: (Time is in decaauts)
 A = Elapsed time spent in this place.
 B = Non-inter-level travel time spent in this place.
 C = Inter-level travel time spent in this place.
 D = Time resting spent in this place.
 E = Time spent auto-exploring this place.
 F = Levels seen in this place.
 G = Mean time per level.
                   A        B        C        D        E       F      G
               +--------+--------+--------+--------+--------+-----+--------+
         Total |   5780 |   5554 |    226 |    377 |   3987 |   7 |  825.7 |
       Dungeon |   5734 |   5519 |    215 |    377 |   3957 |   6 |  955.7 |
        Temple |     45 |     35 |     10 |      0 |     30 |   1 |   45.0 |
               +--------+--------+--------+--------+--------+-----+--------+

Top non-repeatable levels by time:
     D:1: 1454 daAuts
     D:2: 1153 daAuts
     D:5: 1127 daAuts
     D:3: 896 daAuts
     D:6: 619 daAuts
     D:4: 484 daAuts
  Temple: 45 daAuts
